[Event "Tata Steel-A 80th"]
[Site "Wijk aan Zee"]
[Date "2018.01.26"]
[Round "11"]
[White "Anand, Viswanathan"]
[Black "Hou, Yifan"]
[Result "1-0"]
[ECO "D35"]
[WhiteElo "2767"]
[BlackElo "2680"]
[Annotator "Fernandez,Daniel Howard"]
[PlyCount "65"]
[EventDate "2018.01.13"]
[EventType "tourn"]
[EventRounds "13"]
[EventCountry "NED"]
[EventCategory "20"]
[SourceTitle "CBM 183"]
[Source "ChessBase"]
[SourceDate "2018.03.14"]
[SourceVersion "1"]
[SourceVersionDate "2018.03.14"]
[SourceQuality "1"]
[TimeControl "40/6000+30:20/3000+30:900+30"]

1. c4 e6 2. Nc3 d5 3. d4 Nf6 4. cxd5 Nxd5 $5 {[%emt 0:00:05] Clearly Hou Yifan was not in the mood to face a minority attack today. Although this move has been played by a lot of good players, it is unquestionably a secondary one. According to the current state of top level praxis the line is playable, but very few people do it correctly, especially from the black side!} 5. e4 Nxc3 6. bxc3 c5 7. Rb1 Be7 8. Nf3 O-O 9. Bc4 Nc6 (9... Qc7 {leads us to a veritable minefield of top games:} 10. Qe2 a6 11. O-O (11. a4 cxd4 12. cxd4 Bd7 $11 {Matlakov,M-Aronian,L Tbilisi 2017, might objectively equalise, but that didn't stop Black being annihlated in a 'modern attacking classic'.}) 11... b5 12. Bd3 Nd7 $1 (12... Bb7 $6 13. a4 $1 bxa4 $2 14. Bf4 {left Black virtually lost already in Carlsen, M-So,W chess.com INT 2017}) 13. a4 (13. h4 e5 14. h5 h6 $11 {Navara,D-Dominguez Perez,L Saint Louis 2017}) 13... bxa4 14. g3 $13 {The position is easier to play for White, but obviously far from clear.}) 10. O-O b6 11. Be3 (11. d5 Na5 12. Bd3 c4 13. Bc2 exd5 14. exd5 Bb7 $11 {Svidler,P-Hou,Y Geneve 2017; probably equalised for Black in her previous outing with the line.}) 11... Bb7 12. Qe2 cxd4 (12... Qc7 $5 13. d5 (13. Ba6 {is White's most obvious idea, but there is a concrete remedy:} cxd4 14. cxd4 Nb4 $1 15. Bxb7 Qxb7 $132 {and White's centre continues to come under fire.}) 13... Na5 14. dxe6 Nxc4 15. Qxc4 fxe6 16. Qxe6+ Kh8 $44) 13. cxd4 Rc8 14. Rfd1 Qc7 15. d5 Ne5 $146 (15... exd5 16. exd5 Ne5 17. Bb3 Nxf3+ 18. Qxf3 Bd6 $132 {Navara,D-Dominguez Perez,L Saint Louis 2017}) ({RR} 15... exd5 16. exd5 Ne5 17. Bb3 Nxf3+ 18. Qxf3 Bd6 19. h4 Qc3 20. h5 h6 21. Rd4 Rce8 22. Rg4 Bc8 23. Rc4 Qe5 24. Bf4 Qf6 25. Bc2 Bxf4 26. Rxf4 Qd6 27. Rd1 Bd7 28. Qd3 f5 29. g3 Re5 30. Bb3 {Navara,D (2737)-Dominguez Perez,L (2739) Saint Louis 2017 0-1 (55)}) ({RR} 15... Na5 16. Bd3 exd5 17. exd5 Rcd8 18. Rbc1 Qd6 19. Bb1 Bxd5 20. Nd4 Bf6 21. Qg4 Nc4 22. Bf4 Ne5 23. Qg3 Rfe8 24. Nb5 Qb4 25. Nc7 Bb7 26. Rxd8 Rxd8 27. Bxe5 Qc5 28. Bc3 Qxc3 29. Qxc3 Bxc3 30. Nb5 {Heimisson,H (2382)-Nielsen,V (2345) Ballerup DEN 2023 0-1 (78)}) 16. Bb5 (16. Nxe5 Qxe5 17. f3 $14) 16... exd5 17. exd5 Nxf3+ (17... Rfd8 18. Rbc1 Qb8 {is apparently still nail-biting equality}) 18. Qxf3 $14 {[%emt 0:00:17] Certainly by contrast to Navara-Dominguez above the bishop on b5 poses Black some extra problems, connected with bc1 and c6.} Bc5 19. Rbc1 Qe7 20. Bf4 Bd6 21. Bc6 {[%emt 0:00:48] That's just it. Now Black has to go into a bit of a huddle, and Anand's technique has been his strong point in this event.} Bxf4 (21... Ba8 {still kept White's advantage to a minimum by making him work for every extra pawn advance}) 22. Qxf4 Bxc6 23. dxc6 Qc7 24. Rd6 $18 {[%emt 0:09:39] The forcing continuations get nowhere, so White just improves. The obvious follow-up is to play the queen to d5 and try for d7.} Rcd8 25. Rcd1 h6 26. g3 Rxd6 ({It is interesting to note the tactical point White basically has to use if Black sits tight:} 26... Rc8 27. Qc4 Kh8 28. Qd5 Kg8 29. a4 Kh8 30. Kg2 (30. Rc1 $2 Rfd8 $14) 30... Kg8 31. h4 {Or, I suppose, just c1 now.} Kh8 32. Rd4 Kg8 33. Rc4 Rfd8 34. Rd7 $1 $18) 27. Rxd6 Rc8 28. Qe5 b5 29. Qd5 Kh7 30. Qe4+ Kg8 31. Rd7 {[%emt 0:00:24] Another neat tactical point, but if not this, then something else would have worked.} Qa5 32. c7 Rf8 33. Qe7 {[%emt 0:00:29] Mate cannot be far away.} 1-0

[Event "FIDE Candidates Chess Tournaments 2024"]
[Site "Chess.com"]
[Date "2024.04.21"]
[Round "14"]
[White "Caruana, Fabiano"]
[Black "Nepomniachtchi, Ian"]
[Result "1/2-1/2"]
[ECO "D35"]
[WhiteElo "2803"]
[BlackElo "2758"]
[Annotator "GM Rafael Leitão"]
[PlyCount "217"]
[EventDate "2024.??.??"]
[TimeControl "40/7200:1800+30"]

1. d4 Nf6 2. c4 e6 3. Nc3 d5 4. cxd5 exd5 5. Bg5 Bb4 {Ambos os jogadores precisavam vencer, então esta é uma abertura adequada: chances para ambos os lados em uma batalha estratégica difícil.} 6. e3 h6 7. Bh4 g5 8. Bg3 Ne4 9. Qc2 h5 10. f3 Nxg3 11. hxg3 Be6 {Este é um lance raro, mas foi jogado pelo campeão do Torneio de Candidatos.} (11... Qe7 {é mais popular.}) 12. Bd3 (12. O-O-O Nd7 13. a3 Bd6 14. e4 {levou a uma vantagem para as Brancas em Giri-Gukesh, Aimchess Rapid 2022.}) ({RR} 12. f4 g4 13. f5 Bd7 14. Nge2 Qg5 15. Nf4 Nc6 16. Bd3 Ne7 17. Kf2 Bxc3 18. Qxc3 c6 19. e4 dxe4 20. d5 O-O-O 21. Bxe4 h4 22. Kg1 Rh6 23. f6 Rxf6 24. Rf1 h3 25. Rf2 Rh6 26. gxh3 gxh3 {Carow,J (2469)-Lohia,S (2410) Wijk aan Zee NED 2026 0-1 (63)}) 12... c6 {Este provavelmente não é o lance mais preciso.} (12... Nd7 {é melhor, mantendo a opção de jogar c7-c5.} 13. a3 Bd6 {com jogo de mão dupla.}) 13. O-O-O (13. a3 $1 {[%c_effect a3; square;a3;type;GreatFind;persistent;true] é um lance novo, e é melhor para lutar pela vantagem.} Bxc3+ (13... Bd6 14. f4 $1 {[%c_effect f4;square;f4;type; GreatFind;persistent;true] Uma ideia semelhante à jogada na partida, mas aqui o cavalo não chega a tempo para ir para f6.}) 14. Qxc3 {com alguma pressão para as Brancas.}) 13... Nd7 14. f4 $5 {O primeiro novo lance da partida e um que coloca problemas práticos para as Negras.} (14. Nge2) ({RR} 14. Nge2 Nb6 15. Kb1 Qe7 16. g4 h4 17. Na4 Nxa4 18. Qxa4 a5 19. e4 dxe4 20. Bxe4 Kf8 21. a3 Bd6 22. Qc2 a4 23. d5 cxd5 24. Bxd5 Be5 25. Bxe6 Qxe6 26. Nd4 Bxd4 27. Rxd4 Kg7 28. Qd2 Qg6+ {Mamedyarov,S (2772)-Motylev,A (2640) Moscow 2019 1-0 (40)}) 14... Bg4 $146 {As Brancas estavam ameaçando f4-f5, prendendo o bispo.} (14... Nf6 15. Nf3 {parece melhor para as Negras, embora o computador ainda avalie como igualdade.}) (14... Nb6 15. Nf3) (14... Bxc3 15. Qxc3 gxf4 16. gxf4 Bg4 17. Nf3 Qe7 {com igualdade.}) ({RR} 14... Nb6 15. f5 Bd7 16. e4 Bxc3 17. Qxc3 dxe4 18. Bxe4 Qf6 19. Nf3 O-O-O 20. Ne5 Kb8 21. Qb3 Be8 22. a4 Ka8 23. a5 Nd5 24. Kb1 Qd6 25. Rhe1 f6 26. Nc4 Qb4 27. Qxb4 Nxb4 28. Bc2 Bf7 29. Ne3 {Terron Elena,F (2122)-Karttunen,M (2490) chess.com INT 2025 0-1 (45)}) 15. Nf3 (15. Be2 {é interessante, já que a troca de bispos destaca as claras claras fracas no campo das Negras.}) 15... Qe7 $6 (15... gxf4 $1 {é melhor:} 16. gxf4 (16. exf4 Bxf3 17. gxf3 Qf6 {As Negras estão bem. O xeque em e1 não é perigoso.}) 16... Qe7 17. Kb1 Bxc3 18. Qxc3 O-O-O {com uma boa posição.}) 16. e4 $1 {As Negras irão se arrepender de não ter trocado os peões em f4.} Bxc3 $2 {As Brancas obtêm uma vantagem séria após este lance.} (16... dxe4 17. Bxe4 gxf4 {é melhor, mas é assustador devido a uma possível cravada na coluna e.}) 17. Qxc3 Bxf3 18. gxf3 dxe4 19. Bxe4 gxf4 20. g4 $1 {Este é um lance difícil e brilhante.} (20. d5 {é natural, mas as Negras escapam após} Qc5 21. dxc6 Qxc3+ 22. bxc3 bxc6 23. Bxc6 O-O-O $1) (20. Rde1 {também é tentador, mas o rei não está em perigo após} O-O-O 21. Bxc6 Qd6 22. Bxd7+ Kxd7) 20... O-O-O {Um lance natural, e durante a partida pensei que Nepomniachtchi o jogaria.} (20... h4 $1 {é o melhor:} 21. Kb1 $1 {Um importante lance profilático para evitar Dc5 e a troca de damas.} (21. d5 Qc5 $1) (21. Rhe1 O-O-O $1 22. Bxc6 Qd6 (22... Qf6 23. Bxd7+ Kb8 $3 {Um lance incrível, preparando Tc8.} (23... Kxd7 {é errado; agora o rei está em apuros.} 24. Kb1)) 23. Bxd7+ Kb8 $3 {Não sei se é possível encontrar tal movimento durante a partida. A ideia é jogar Tc8, prendendo a dama, ou simplesmente capturar o bispo com o rei em segurança. Em qualquer caso, capturar em d7 também é possível.} (23... Kxd7 24. Kb1 {com a iniciativa para as Brancas.})) 21... O-O-O 22. d5 {A posição continua muito perigosa para as Negras.}) 21. d5 $1 {Outro lance difícil. Capturar em h5 é pior.} (21. gxh5 Nf6 $1 {com igualdade.}) (21. Rxh5 Rxh5 22. gxh5 Nf6) 21... h4 (21... Nf6 $2 {perde para} 22. d6 $1 Nxe4 (22... Rxd6 23. g5 $18 {ganha material.}) 23. Qxh8 $1 {O bom e velho tema tático \"desperado\" decide a partida.}) (21... Kb8 22. dxc6 {também é muito melhor para as Brancas.}) 22. dxc6 Nc5 {As Brancas têm muitas opções tentadoras agora.} 23. Bf5+ {Uma boa escolha.} (23. Rde1 {é uma boa opção.} Qd6 24. cxb7+ Kb8 {com uma posição melhor para as Brancas, mas ainda não ganha.}) (23. cxb7+ Kb8 24. Bd5 $1 {também é muito tentador.}) 23... Kb8 24. Kb1 $1 {Outro lance preciso. O jogo de Caruana na primeira parte da partida é fantástico.} (24. Rhe1 {não é tão convincente após} Rxd1+ 25. Kxd1 Rd8+ 26. Kc2 Qd6) 24... b6 $6 {Está claro que isso não pode funcionar, mas Nepomniachtchi provavelmente já estava desgostoso com sua posição.} (24... Rxd1+ 25. Rxd1 Re8 {Esta é a defesa mais teimosa, mas a posição é muito feia.}) (24... bxc6 25. Qb4+ Ka8 26. Rc1 $1 Rd5 27. Be4 {ganha imediatamente.}) 25. Rd7 $5 {Existem outros lances vencedores.} (25. b4 {não é bom, devido a} Na4 $1 26. Qb3 b5) (25. Bd7 {é avassalador: as Brancas podem atacar o peão de f4, jogar b4 em algum momento, ou simplesmente trazer a torre para e1.}) (25. Rhe1 {também é bom.}) 25... Rxd7 {Forçado.} (25... Nxd7 26. c7+ Kb7 (26... Kc8 27. cxd8=Q+ Kxd8 28. Qxh8+) 27. cxd8=Q Rxd8 28. Be4+ Kb8 29. Qc6 {com ameaças decisivas de mate.}) 26. cxd7 Rd8 27. Qd4 (27. Rd1 Nxd7 28. Qd4 {também está ganho para as Brancas.}) 27... Nxd7 28. Rd1 Qc5 (28... Kc7 {não é o suficiente:} 29. Qxf4+ Ne5 30. Re1 Rd5 31. Qa4 {Ameaçando o peão de a7 e também f3-f4.} Ra5 32. Rc1+ {com um ataque vencedor.}) 29. Qxf4+ Qc7 30. Qd2 h3 31. Be4 $1 (31. Bxd7 $6 h2 {dá chances de empate para as Negras.}) 31... a5 32. Qd5 Ka7 33. Qxf7 {Com um jogo soberbo, Caruana alcançou uma posição ganha. Neste ponto, ninguém tinha dúvidas de que ele venceria esta partida, mas muitas aventuras ainda estavam por vir.} h2 34. Qh7 Kb8 35. a3 {Um lance bom e prático, dando um pouco de ar ao rei.} Qe5 36. Qh6 Qc7 37. g5 Rg8 38. Rh1 Nc5 39. Bh7 $6 {É difícil entender este lance, mas não podemos esquecer que os nervos terão um grande papel no restante da partida.} (39. Bc2 {está completamente ganho.}) 39... Rxg5 $1 {Nepomniachtchi é rápido em identificar recursos defensivos.} 40. Qxg5 Qxh7+ {O apuro de tempo chegou ao fim. Mesmo com tempo no relógio, no entanto, Caruana comete um grande erro de cálculo.} 41. Ka1 $4 {Isso deixa a vitória escapar.} (41. Ka2 $1 Qf7+ 42. Ka1 {Essa pequena triangulação termina os xeques após} Nb3+ 43. Kb1 Qh7+ 44. Ka2) 41... Qc2 $1 {Isso provavelmente passou despercebido por Caruana. O cavalo está vindo para b3 com xeque, e surpreendentemente agora é um empate.} 42. Qg8+ Ka7 43. Ka2 a4 $1 {Corrigindo a estrutura de peões e dando suporte para o cavalo na casa b3. Mas as coisas ainda não são simples.} 44. f4 Nb3 $2 {Isso permite uma vantagem decisiva para as Brancas novamente.} (44... Nd3 $2 {também perde após} 45. Qg7+ Ka6 46. Qc3) (44... Ka6 $1 {É importante remover o rei da sétima fileira para que as Brancas não possam dar um xeque e retornar com a dama.} 45. f5 Nd3 $1 {Os xeques da dama não são tão úteis agora: a posição está empatada.}) 45. Qg7+ $1 Ka6 46. Qc3 {A dama está de volta à defesa.} Qg2 47. Qc4+ (47. Qd3+ $1 {é ainda melhor:} Ka5 48. Qf1 Qd5 49. Qe1+ Nd2+ 50. Ka1 Qg2 51. f5 $1 Ka6 52. f6 {com uma posição ganha.}) 47... Kb7 48. Re1 $1 {A torre junta-se ao ataque.} Nc5 49. Qf1 $1 {Caruana está novamente jogando muito bem.} Qd5+ 50. Kb1 Qf5+ 51. Ka1 Qc2 (51... Nb3+ 52. Ka2 Qf7 53. Qg2+ Ka7 54. Rh1 $1 {captura o peão em h2.} (54. Qxh2 $2 Nd2+ 55. Ka1 Nf3)) 52. f5 Nd3 53. Rb1 Nc5 54. f6 Nb3+ 55. Ka2 Nd2 56. Qh1+ Ka7 57. Rc1 Qb3+ 58. Ka1 Qe6 59. Rc7+ $2 {Caruana é atraído por este xeque quase irresistível, mas as Negras têm um empate surpreendente depois dele. Tanto 59.Td1 quanto 59. Te1 ganham facilmente.} (59. Rd1 Nb3+ 60. Kb1 Qf5+ 61. Ka2 Qxf6 62. Qxh2 {com uma vitória fácil.}) (59. Re1 {é similar:} Nb3+ 60. Kb1 Qf5+ 61. Ka2) 59... Ka6 60. f7 Nb3+ 61. Kb1 Qf5+ $2 (61... Nd2+ $1 {leva a um empate:} 62. Kc2 Qg6+ $1 63. Kxd2 Qd6+ {É incrível: as Brancas simplesmente não conseguem escapar do xeque perpétuo.} 64. Ke2 Qe6+ 65. Kf2 Qf6+ 66. Kg3 Qg5+ 67. Kxh2 Qh4+ 68. Kg2 Qe4+ 69. Kg1 Qe1+ 70. Kh2 Qh4+ 71. Kg2 Qe4+ {com um empate. Uma posição maravilhosa.}) 62. Ka2 Nc5 63. Qa8+ Kb5 64. Qc6+ (64. Qe8+ $1 {é o lance correto para vencer:} Ka5 (64... Ka6 65. Qe2+) 65. Qe1+ Ka6 66. Qe2+ {pegando o peão em h2.}) 64... Ka6 65. Qa8+ Kb5 66. Qc6+ $4 {É a última chance de jogar o xeque certo em e8.} (66. Qe8+ $1) 66... Ka6 67. Re7 Qf1 $1 {As Negras têm atividade suficiente para escapar. Caruana ainda consegue encontrar uma maneira de chegar ao final com um peão a mais, mas é tarde demais para vencer a partida.} 68. Qa8+ Kb5 69. Qe8+ Ka6 70. Qa8+ Kb5 71. Qe8+ Ka6 72. Re4 $1 {A última chance.} Nxe4 (72... h1=Q $4 73. Qa8+ Kb5 74. Rb4#) 73. Qxa4+ Kb7 74. Qxe4+ Ka7 75. Qa4+ Kb7 76. Qd7+ Ka6 77. Qc8+ Ka7 78. f8=Q Qxf8 79. Qxf8 h1=Q {A partida finalmente entra em um final técnico com um peão a mais para as Brancas, mas não há chances reais de vitória e o resultado nunca está em dúvida.} 80. a4 Qd5+ 81. Ka3 Qd3+ 82. b3 Qd4 83. Qf7+ Kb8 84. Qe8+ Ka7 85. Qe7+ Kb8 86. Qe1 Qd6+ 87. Qb4 Qf6 88. Qd2 Qe7+ 89. b4 Qe6 90. Qd3 Ka7 91. Qc3 Kb8 92. Qb3 Qf6 93. Qe3 Qd6 94. Kb3 Qd5+ 95. Kb2 Qd6 96. Qe8+ Ka7 97. Qf7+ Kb8 98. Kc3 Qe5+ 99. Kd3 Qd6+ 100. Kc4 Qc6+ 101. Kb3 Qd6 102. Qf3 Qd4 103. Qe2 Qd5+ 104. Ka3 Qd6 105. Qb5 Qd4 106. Kb3 Ka7 107. Qe2 Qd5+ 108. Ka3 Qd4 109. Kb3 {Esta foi uma das partidas mais dramáticas que já assisti. Mesmo sendo um fã neutro, meu coração acelerou em vários momentos. Imagino como se sentiram os jogadores, principalmente Caruana, que lutava pelo desempate e também Gukesh, que aguardava ansiosamente o resultado para saber se seria o vencedor. Parabéns ao Caruana e Nepomniachtchi por esta luta feroz e também ao Gukesh, o merecedor campeão do torneio.} 1/2-1/2

[Event "FRA-chT Top 16 GpA"]
[Site "Noyon"]
[Date "2005.04.02"]
[Round "6"]
[White "Georgiev, Kiril"]
[Black "Pelletier, Yannick"]
[Result "1/2-1/2"]
[ECO "D35"]
[WhiteElo "2645"]
[BlackElo "2604"]
[Annotator "ChessBase II"]
[PlyCount "99"]
[EventDate "2005.03.31"]
[EventType "team-tourn"]
[EventRounds "7"]
[EventCountry "FRA"]
[SourceTitle "CBM 105 Extra"]
[Source "ChessBase"]
[SourceDate "2005.05.01"]
[SourceVersion "1"]
[SourceVersionDate "2005.05.01"]
[SourceQuality "1"]
[WhiteTeam "Mulhouse"]
[BlackTeam "Clichy"]
[WhiteTeamCountry "FRA"]
[BlackTeamCountry "FRA"]
[TimeControl "40/6000+30:20/3000+30:600+30"]

1. d4 {Baburin,Alexander} d5 2. c4 c6 3. Nf3 Nf6 4. Nc3 e6 5. Bg5 Nbd7 6. cxd5 exd5 7. e3 Be7 8. Bd3 Nh5 9. Bxe7 Qxe7 10. O-O O-O 11. Qb1 (11. Qc2 Nhf6 12. Rfe1 g6 13. Rab1 Nb6 14. b4 Be6 15. a4 a6 16. a5 Nc8 17. Ne5 Nd6 18. f3 Rad8 19. Qf2 Nd7 20. Na4 Nxe5 21. dxe5 Ne8 22. e4 Ng7 23. Nc5 Bc8 24. f4 dxe4 25. Bxe4 Ne6 26. h3 f6 27. Nxe6 Bxe6 28. Qc5 Qxc5+ 29. bxc5 Rd7 30. Bf3 Kf7 31. Red1 Rfd8 32. Rd6 fxe5 33. fxe5 Ke7 34. Kf2 Rc7 35. Rxd8 Kxd8 36. Rd1+ Ke8 37. Rd6 Re7 38. Ke3 Bc8 39. Kf4 Rf7+ 40. Rf6 Ke7 {Onischuk,A (2647)-Pelletier,Y (2623) Poikovsky 2003 1-0}) 11... Nhf6 12. b4 a6 13. a4 ({RR} 13. Re1 g6 14. a4 Rd8 15. h3 a5 16. b5 c5 17. Qa2 c4 18. Bc2 Nb6 19. Rab1 Be6 20. Ne5 Nfd7 21. Nc6 bxc6 22. bxc6 Qg5 23. Kf1 Nc8 24. cxd7 Ne7 25. Rb6 Rxd7 26. Reb1 Rdd8 27. R1b5 Nf5 {Makhmudov,R (2115)-Volodin,V (2017) Odintsovo RUS 2026 1-0 (50)}) 13... Re8 14. Rc1 ({RR} 14. Nd2 Qd6 15. Re1 Nf8 16. b5 axb5 17. axb5 Rxa1 18. Qxa1 Ne6 19. Nf3 c5 20. dxc5 Nxc5 21. Bf1 Bg4 22. Nd4 Ne6 23. h3 Nxd4 24. exd4 Rxe1 25. Qxe1 Be6 26. Qa1 Qd8 27. Qa7 b6 28. Na4 Nd7 {Cheparinov,I (2672)-Vitiugov,N (2737) Caleta 2014 1-0 (58)}) 14... g6 15. Nd2 $146 (15. Qb2 a5 ({RR} 15... Nf8 16. b5) 16. bxa5 Rxa5 17. Nd2 Ng4 18. Nb3 Qd6 19. g3 Ra7 20. e4 dxe4 21. Nxe4 Qf8 22. Re1 b6 ({RR} 22... Ngf6) 23. Nbd2 Ba6 24. Bc2 Rb7 25. Bb3 Ngf6 26. Rac1 Rc8 27. Nxf6+ Nxf6 28. d5 Nxd5 29. Ne4 Rd8 30. Rxc6 Qb4 31. Nf6+ Kf8 32. Nxh7+ Kg8 33. Nf6+ Kf8 34. Re4 {1-0 (34) Kramnik,V (2730)-Timman,J (2590) Belgrade 1995}) ({RR} 15. Qb2 a5 16. bxa5 Rxa5 17. Nd2 Ng4 18. Nb3 Qd6 19. g3 Ra7 20. e4 dxe4 21. Nxe4 Qf8 22. Re1 b6 23. Nbd2 Ba6 24. Bc2 Rb7 25. Bb3 Ngf6 26. Rac1 Rc8 27. Nxf6+ Nxf6 28. d5 Nxd5 29. Ne4 Rd8 {Kramnik,V (2730)-Timman,J (2590) Belgrade 1995 CBM 051 [Baburin,Alexander] 1-0 (34)}) ({RR} 15. Qb2 Qd6 16. h3 Kg7 17. Nd2 h6 18. Be2 Kg8 19. Bf3 Nf8 20. b5 Ne6 21. bxc6 bxc6 22. Qa3 Qd8 23. Na2 Bb7 24. Nb4 Rc8 25. Nd3 Ng5 26. Nc5 Ba8 27. a5 Nfe4 28. Ncxe4 Nxe4 29. Bxe4 dxe4 {Mica,M (2212)-Kornitzky,T (2133) Marianske Lazne 2019 1-0 (43)}) 15... b6 16. a5 b5 17. Re1 Nf8 18. Qb2 Bb7 19. e4 Ne6 20. e5 Nd7 21. Ne2 f6 22. f4 fxe5 23. fxe5 Qg5 24. Kh1 Rf8 25. Rf1 Qe3 26. Qc3 Kg7 27. Nf3 Rf7 28. Rad1 (28. Rae1 $142 Raf8 29. Ng3 Qh6 $16 ) 28... Raf8 29. Qc1 Qxc1 30. Rxc1 Nb8 31. Kg1 Bc8 32. Rfe1 Rc7 33. Nd2 Rff7 34. Nb3 Nd7 35. Rc3 Ndf8 36. Rec1 Nd8 37. h3 Nfe6 38. Bb1 Rce7 39. Rg3 Bd7 40. h4 Kh6 41. Rgc3 Rf8 42. Nd2 Nf4 43. Ng3 Bg4 44. Kh2 Nfe6 45. Nb3 Rf4 46. Rd3 Bh5 47. Kh3 Bg4+ 48. Kh2 Bh5 49. Kh3 Bg4+ 50. Kh2 1/2-1/2